 Dungeon Crawl Stone Soup version 0.26.1-2-gb8aa6d0cf2 (webtiles) character file.

Game seed: 16235398928235222624

2425 Gnirx the Geomancer (level 9, 0/45 HPs)
             Began as a Gargoyle Earth Elementalist on Feb 21, 2021.
             Was an Initiate of Vehumet.
             Slain by an orc warrior
             ... wielding a +1 antimagic battleaxe
              (22 damage)
             ... on level 8 of the Dungeon.
             The game lasted 00:17:26 (9829 turns).

Gnirx the Geomancer (Gargoyle Earth Elementalist)   Turns: 9829, Time: 00:17:26

Health: 0/45       AC: 10    Str: 13    XL:     9   Next: 48%
Magic:  5/22       EV: 12    Int: 18    God:    Vehumet [......]
Gold:   439        SH:  5    Dex: 10    Spells: 15/26 levels left

rFire    . . .     SeeInvis +   p - +3 morningstar (flame)
rCold    . . .     Faith    .   (no shield)
rNeg     + . .     Spirit   .   c - +0 robe
rPois    ∞         Reflect  +   (no helmet)
rElec    +         Harm     .   l - +1 cloak
rCorr    .         Rampage  .   (no gloves)
Will     .....                  (no boots)
Stlth    ++........             o - amulet of reflection
HPRegen  0.15/turn              r - ring of see invisible
MPRegen  0.18/turn              B - ring of flight

@: no status effects
A: negative energy resistance 1, electricity resistance, unbreathing,
petrification resistance, miasma immunity, AC +6
a: Renounce Religion, Evoke Flight


You were on level 8 of the Dungeon.
You worshipped Vehumet.
Vehumet was noncommittal.
You visited 2 branches of the dungeon, and saw 10 of its levels.

You collected 439 gold pieces.

Inventory:

Hand Weapons
 a - a +3 short sword
 m - a +0 club
 p - a +3 morningstar of flaming (weapon)
 u - a +0 shortbow
 F - a +3 shortbow
Missiles
 b - 77 stones
 k - 142 arrows
Armour
 c - a +0 robe (worn)
 l - a +1 cloak (worn)
Magical Staves
 D - an uncursed staff of conjuration
Jewellery
 i - an uncursed amulet of magic regeneration
 o - an amulet of reflection (around neck)
 r - a ring of see invisible (left hand)
 v - an uncursed amulet of the acrobat
 B - a ring of flight (right hand)
Wands
 s - a wand of flame (16)
Scrolls
 e - 5 scrolls of remove curse
 t - 2 scrolls of magic mapping
 w - 4 scrolls of teleportation
 x - 2 scrolls of immolation
 y - a scroll of fog
 A - a scroll of holy word
Potions
 d - a potion of might
 f - 2 potions of degeneration
 g - a potion of brilliance
 h - 3 potions of heal wounds
 j - a potion of attraction
 n - a potion of curing
 q - a potion of magic
 C - a potion of ambrosia


   Skills:
 - Level 1.5 Dodging
 - Level 2.1 Stealth
 + Level 9.2 Spellcasting
 - Level 0.7 Transmutations
 - Level 10.0 Earth Magic


You had 15 spell levels left.
You knew the following spells:

 Your Spells              Type           Power        Failure   Level
a - Sandblast             Erth           88%          1%          1
b - Passwall              Tmut/Erth      22%          1%          2
c - Stone Arrow           Conj/Erth      52%          3%          3
d - Lee's Rapid Deconstr  Erth           22%          4%          5

Your spell library contained the following spells:

 Spells                   Type           Power        Failure   Level
 Corona                   Hex            8%           9%          1
 Petrify                  Tmut/Erth      27%          10%         4
 Ensorcelled Hibernation  Hex/Ice        16%          13%         2
 Confusing Touch          Hex            8%           26%         3
 Dazzling Flash           Conj/Hex       16%          26%         3
 Tukima's Dance           Hex            8%           26%         3


Dungeon Overview and Level Annotations

Branches:
Dungeon (9/15)             Temple (1/1) D:4
   Lair: D:8-11         Orc: D:9-12

Altars:
Ashenzari
Cheibriados
Dithmenos
Elyvilon
Gozag
Hepliaklqana
Makhleb
Nemelex Xobeh
Okawaru
Qazlal
Ru
Sif Muna
Trog
Uskayaw
Vehumet
Wu Jian
Xom
Yredelemnul
Zin
The Shining One
Beogh

Annotations:
D:6 5 runed translucent doors, Groucho's ghost, novice SpEn; Quickbrownfox's ghost, novice OpTm; mojasp's ghost, novice TeBe; tysohal's ghost, novice TrWr
D:8 3 runed translucent doors, grovkorv's ghost, novice BaGl


Innate Abilities, Weirdness & Mutations

You are resistant to torment.
Your stone body is resilient. (AC +6)
You are immune to poison.
You resist negative energy. (rN+)
You are resistant to electric shocks. (rElec)
You can survive without breathing.
You are immune to petrification.
You are immune to miasma.


Message History

Aiming: Sandblast (safe; 1% risk of failure)
Press: ? - help, Q - select action, (/) - cycle Shift-Dir - straight line, f - orc warrior
Aim: an orc warrior, wielding a +1 antimagic battleaxe and wearing a +0 chain mail (severely wounded, 19% to evade)
The blast of sand hits the orc warrior but does no damage.
The orc warrior is severely wounded.
The orc warrior hits you with a +1 antimagic battleaxe!
You feel your power leaking away.
Aiming: Sandblast (safe; 1% risk of failure)
Press: ? - help, Q - select action, (/) - cycle Shift-Dir - straight line, f/p - orc warrior
Aim: an orc warrior, wielding a +1 antimagic battleaxe and wearing a +0 chain mail (severely wounded, 19% to evade)
The blast of sand hits the orc warrior.
The orc warrior is almost dead.
The orc warrior misses you.
Aiming: Sandblast (safe; 1% risk of failure)
Press: ? - help, Q - select action, (/) - cycle Shift-Dir - straight line, f/p - orc warrior
Aim: an orc warrior, wielding a +1 antimagic battleaxe and wearing a +0 chain mail (almost dead, 19% to evade)
The blast of sand hits the orc warrior.
The orc warrior is almost dead.
The orc warrior hits you with a +1 antimagic battleaxe!!
You die...

#.## ###.## #..#
##..### ##.##
##.>###. #..#
##..##... #..#
##..#....[ ##.##
##.........
#...###..........
##....#...........
###
##@......##........
..####
##.o..##.###........
#....### ##....###.#
##.......
####..<######....##
#.# ##......
###....##....## #.##
#[..... ####......##
###..# ##.....
#.....#####....##
#.....
#.....##........##
##....
#...........##...#
##...


You could see an orc warrior.

Vanquished Creatures
  A water moccasin (D:7)
  5 ogres
  An orc warrior (D:5)
  2 sky beasts
  A phantom (D:6)
  An ice beast (D:8)
  3 centaurs
  A big kobold (D:8)
  2 bullfrogs
  A gnoll sergeant (D:9)
  2 scorpions
  2 howler monkeys
  A quasit (D:8)
  2 hounds
  2 orc priests
  A gnoll shaman (D:4)
  A bullfrog skeleton (D:5)
  2 iguanas
  5 worker ants
  4 orc wizards
  2 hound zombies
  7 gnolls
  A howler monkey skeleton (D:6)
  3 adders
  A white imp (D:7)
  An ufetubus (D:5)
  An ooze (D:1)
  3 worms
  2 dart slugs
  5 leopard geckos
  14 orcs
  2 ball pythons
  11 bats
  6 giant cockroaches
  9 goblins
  12 hobgoblins
  17 jackals
  8 kobolds
  6 quokkas
  7 frilled lizards
  2 rats (D:1)
160 creatures vanquished.

Notes
Turn   | Place    | Note
-------+----------+-------------------------------------------
     0 | D:1      | Gnirx the Gargoyle Earth Elementalist began the quest for
                  | the Orb.
     0 | D:1      | Reached XP level 1. HP: 10/10 MP: 3/3
   120 | D:1      | Reached skill level 4 in Earth Magic
   377 | D:1      | Reached XP level 2. HP: 9/15 MP: 3/5
   659 | D:1      | Reached XP level 3. HP: 17/19 MP: 6/6
   824 | D:1      | Reached skill level 5 in Earth Magic
  2332 | D:2      | Reached XP level 4. HP: 21/24 MP: 7/7
  2790 | D:3      | Reached skill level 6 in Earth Magic
  3641 | D:3      | Reached XP level 5. HP: 9/28 MP: 6/8
  3953 | D:4      | Noticed an ice beast
  4202 | D:4      | Reached skill level 7 in Earth Magic
  4357 | D:4      | Found a shadowy altar of Dithmenos.
  4634 | D:4      | Reached XP level 6. HP: 25/32 MP: 4/9
  4710 | D:4      | Reached skill level 8 in Earth Magic
  4832 | D:4      | Found a staircase to the Ecumenical Temple.
  4854 | Temple   | Entered the Ecumenical Temple
  5031 | D:4      | Found a shimmering blue altar of Sif Muna.
  5159 | D:4      | Reached skill level 9 in Earth Magic
  5209 | D:4      | Reached XP level 7. HP: 36/36 MP: 7/10
  5427 | D:5      | Entered Level 5 of the Dungeon
  5621 | D:5      | Reached skill level 10 in Earth Magic
  6272 | D:5      | Found a sparkling altar of Nemelex Xobeh.
  6327 | D:6      | Reached XP level 8. HP: 41/41 MP: 9/14
  6440 | D:6      | Found a runed translucent door.
  6442 | D:6      | Found a runed translucent door.
  6549 | D:6      | Reached skill level 5 in Spellcasting
  7188 | D:6      | Found an opulent altar of Gozag.
  7195 | D:6      | Found a snail-covered altar of Cheibriados.
  7201 | D:6      | Found a shimmering blue altar of Sif Muna.
  7208 | D:6      | Found an iron altar of Okawaru.
  7213 | D:6      | Found a bloodstained altar of Trog.
  7220 | D:6      | Found a hide-covered altar of Uskayaw.
  7226 | D:6      | Found a burning altar of Makhleb.
  7356 | D:6      | Found a runed translucent gate.
  7356 | D:6      | Found a runed translucent gate.
  7356 | D:6      | Found a runed translucent gate.
  7358 | D:6      | Noticed tysohal's ghost (novice TrWr)
  7358 | D:6      | Noticed Quickbrownfox's ghost (novice OpTm)
  7359 | D:6      | Noticed mojasp's ghost (novice TeBe)
  7360 | D:6      | Noticed Groucho's ghost (novice SpEn)
  7808 | D:7      | Found a white marble altar of Elyvilon.
  8002 | D:7      | Reached XP level 9. HP: 25/45 MP: 17/20
  8320 | D:7      | Found a sacrificial altar of Ru.
  8523 | D:8      | Found a runed translucent gate.
  8523 | D:8      | Found a runed translucent gate.
  8523 | D:8      | Found a runed translucent gate.
  8526 | D:8      | Noticed grovkorv's ghost (novice BaGl)
  8528 | D:8      | Identified the cursed +1 glaive "Ijumm" {freeze, rElec rC+}
  8528 | D:8      | Identified the +0 chain mail of the Kangaroo {*Corrode
                  | Dex+9}
  8603 | D:8      | Found a roughly hewn altar of Beogh.
  8683 | D:8      | Found a radiant altar of Vehumet.
  8688 | D:8      | Became a worshipper of Vehumet
  9533 | D:8      | Learned a level 2 spell: Passwall
  9537 | D:8      | Learned a level 3 spell: Stone Arrow
  9543 | D:8      | Learned a level 5 spell: Lee's Rapid Deconstruction
  9829 | D:8      | Slain by an orc warrior

Illustrated notes

Levels and vault maps discovered:
D:1:      heliophobic_arrival_battle_scene, layout_basic
D:2:      layout_loops_cross, roderic_serpentine_path, minmay_misc_feat_roman
D:3:      layout_loops_ring, kennysheep_generic_room_4
D:4:      layout_gridville, marbit_many_paths, minmay_temple_entry_crystal_x,
          led_sif_book
D:5:      layout_basic, nemelex_xobeh_ov_fountains_minmay
D:6:      lemuel_insect_pit, layout_basic, grunt_temple_overflow_octagram,
          gammafunk_ghost_cemetery
D:7:      layout_cave_pools, elyvilon_altar_5, nicolae_ru_the_path_less_chosen
D:8:      layout_cave_pods, lemuel_doored_altar, biasface_ghost_orc_armoury
D:9:      minmay_s_stair_smasher, layout_loops_ring,
          grunt_temple_overflow_growth_and_decay
Temple:   nicolae_temple_figure_zero

Skill      XL: |  1  2  3  4  5  6  7  8  9 |
---------------+----------------------------+-----
Earth Magic    | 4 5 6 7 9 10 | 10.0
Spellcasting   | 4 7 9 |  9.2
Dodging        | |  1.5
Stealth        | |  2.1
Transmutations | |  0.7

Action                   |  1- 3 |  4- 6 |  7- 9 || total
-------------------------+-------+-------+-------++-------
Melee: Unarmed           |    40 |       |       ||    40
       Short sword       |    97 |    62 |       ||   159
       Morningstar       |       |    44 |   183 ||   227
 Cast: Sandblast         |     3 |    47 |    51 ||   101
  Use: Scroll            |     6 |     5 |     9 ||    20
       Potion            |       |     1 |       ||     1
 Stab: Sleeping          |     5 |     1 |     4 ||    10
Armor: Robe              |    47 |    68 |   106 ||   221
Dodge: Dodged            |    79 |    84 |   155 ||   318
Block: Other             |       |    35 |    56 ||    91
       Reflection        |       |       |     5 ||     5
